 Dungeon Crawl Stone Soup version 0.28-a0-1447-ga5a8893891 (webtiles) character file.

Game seed: 18063011350814791972

3933 ytrimaz the Cleaver (level 10, -2/79 HPs)
             Began as a Formicid Fighter on Jan 11, 2022.
             Was a High Priest of Cheibriados.
             Slain by a ten-headed hydra (3 damage)
             ... on level 8 of the Dungeon on Jan 12, 2022.
             The game lasted 00:15:36 (10455 turns).

ytrimaz the Cleaver (Formicid Fighter)             Turns: 10455, Time: 00:15:37

Health: -2/79      AC:  6    Str: 37    XL:     10   Next: 44%
Magic:  5/14       EV: 10    Int: 20    God:    Cheibriados [*****.]
Gold:   230        SH:  6    Dex: 22    Spells: 4/9 levels left

rFire   + . .      SeeInvis +   a - +1 war axe
rCold   + . .      Faith    +   c - +0 buckler
rNeg    . . .      Spirit   .   g - +0 ring mail {Will+}
rPois   .          Reflect  .   (helmet unavailable)
rElec   .          Harm     .   (no cloak)
rCorr   .          Rampage  .   (no gloves)
Will    ++...                   (no boots)
Stlth   +.........              h - amulet of faith
HPRegen 0.23/turn               n - ring of protection from fire
MPRegen 0.14/turn               s - ring of protection from cold

@: very slow
A: permanent stasis, dig shafts and tunnels, antennae 3, four strong arms
a: Dig, Shaft Self, Renounce Religion, Bend Time, Temporal Distortion, Slouch,
Step From Time


You were on level 8 of the Dungeon.
You worshipped Cheibriados.
Cheibriados was extremely pleased with you.
You visited 2 branches of the dungeon, and saw 9 of its levels.
You also visited: Ossuary.

You collected 333 gold pieces.
You spent 103 gold pieces at shops.

Inventory:

Hand Weapons
 a - a +1 war axe (weapon)
 t - a +1 hand axe of venom
Missiles
 i - 7 javelins (quivered)
 j - 28 poisoned darts
 p - a boomerang
 u - 3 curare-tipped darts
Armour
 c - a +0 buckler (worn)
 g - a +0 ring mail of willpower (worn)
 q - a +1 tower shield
Jewellery
 h - an amulet of faith (around neck)
 k - an amulet of magic regeneration
 n - a ring of protection from fire (left hand)
 r - an amulet of guardian spirit
 s - a ring of protection from cold (right hand)
 v - a ring of ice
Wands
 x - a wand of charming (8)
 z - a wand of digging (8)
Scrolls
 y - a scroll of magic mapping
 A - a scroll of amnesia
Potions
 b - 3 potions of brilliance
 d - 2 potions of might
 e - a potion of attraction
 f - 8 potions of curing
 l - a potion of resistance {unknown}
 m - 3 potions of heal wounds
 o - a potion of ambrosia {unknown}
 w - 2 potions of mutation {unknown}
 B - a potion of lignification
 C - a potion of flight {unknown}
 D - a potion of haste {unknown}


   Skills:
 * Level 7.4 Fighting
 * Level 10.3 Axes
 - Level 0.3 Throwing
 * Level 7.0 Armour
 - Level 4.0 Shields
 * Level 3.8 Transmutations
 * Level 5.3 Invocations


You had 4 spell levels left.
You knew the following spells:

 Your Spells              Type           Power      Damage    Failure   Level
a - Irradiate             Conj/Tmut      3%         3d15      98%         5

Your spell library contained the following spells:

 Spells                   Type           Power      Damage    Failure   Level
 Beastly Appendage        Tmut           30%        N/A       6%          1
 Wereblood                Tmut           15%        N/A       10%         2
 Spider Form              Tmut/Pois      7%         N/A       38%         3
 Static Discharge         Conj/Air       0%         N/A       41%         2
 Sublimation of Blood     Necr           0%         N/A       41%         2
 Summon Guardian Golem    Hex/Summ       0%         N/A       65%         3
 Petrify                  Tmut/Erth      7%         N/A       80%         4
 Lightning Bolt           Conj/Air       0%         1d11      100%        5
 Orb of Destruction       Conj           0%         N/A       100%        7
 Spellforged Servitor     Conj/Summ      0%         N/A       100%        7
 Maxwell's Capacitive Co  Air            0%         ∞         100%        8


Dungeon Overview and Level Annotations

Branches:
Dungeon (8/15)             Temple (1/1) D:5         Ossuary (visited)
   Lair: D:8-11

Altars:
Ashenzari
Cheibriados
Dithmenos
Fedhas
Gozag
Hepliaklqana
Makhleb
Nemelex Xobeh
Ru
Uskayaw
Wu Jian
Xom
Yredelemnul
Zin
The Shining One

Shops:
D:5 [   D:7 *

Annotations:
D:3 2 runed translucent doors, kaffeinatedkobold's ghost, amateur FoAK


Innate Abilities, Weirdness & Mutations

You cannot be hasted, slowed, berserked, paralysed or teleported.
You can dig through walls and to a lower floor.
You have a pair of large antennae on your head. (SInv)
Your four strong arms can wield two-handed weapons with a shield.


Message History

Done exploring.
Done exploring.
Done exploring.
Done exploring.
There is a stone staircase leading down here.
You climb downwards.
Found a helmet, a rapier and a fine mace.
There is a stone staircase leading up here.
The flow of time bends around you.
Unknown command.
The flow of time bends around you.
Cheibriados lowers the support of your attributes as your movement quickens.
The eight-headed hydra roars!
You hear an angry buzzing noise.
Unknown command.
The flow of time bends around you.
Cheibriados rebukes the eight-headed hydra.
The eight-headed hydra seems to slow down.
A hornet comes into view.
The eight-headed hydra bites you! x2
The eight-headed hydra bites you but does no damage.
The eight-headed hydra bites you! x2; The eight-headed hydra bites you.
You block the eight-headed hydra's attack.
The eight-headed hydra bites you.
You lop one of the eight-headed hydra's heads off!
The seven-headed hydra grows two more!
You hit the nine-headed hydra.
The nine-headed hydra is lightly wounded.
Unknown command.
You chop one of the nine-headed hydra's heads off!
The eight-headed hydra grows two more!
You slice the ten-headed hydra!!
The ten-headed hydra is moderately wounded.
The ten-headed hydra bites you!
The ten-headed hydra closely misses you.
The ten-headed hydra bites you.
* * * LOW HITPOINT WARNING * * *
The ten-headed hydra bites you.
* * * LOW HITPOINT WARNING * * *
The ten-headed hydra bites you!
* * * LOW HITPOINT WARNING * * *
The ten-headed hydra bites you.
You die...

#.......#
#.......##
#........#
#)...y...#
#........#
+........#
#...D....+
#...@....#
#........#
#........#
#.......##
#)..[....#
#........#
........##
.........#


You could see a ten-headed hydra (slow) and a hornet.

Vanquished Creatures
  A centaur zombie (D:7)
  Maggie (D:6)
  Prince Ribbit (D:7)
  2 wraiths (Ossuary)
  2 sky beasts
  3 black bears
  5 ogres
  2 necrophages
  A centaur (D:7)
  A phantom (D:6)
  A kobold brigand (D:7)
  A bullfrog (D:7)
  A scorpion (D:7)
  2 water moccasin zombies
  A wyvern skeleton (D:7)
  3 wights (Ossuary)
  A bullfrog zombie (D:4)
  2 hounds
  2 jellies
  4 orc priests
  5 centaur skeletons
  3 bullfrog skeletons
  3 iguanas
  9 orc wizards
  A scorpion zombie (D:4)
  A killer bee zombie (D:7)
  3 hound zombies (D:4)
  A hound skeleton (D:4)
  A mummy (D:7)
  2 howler monkey zombies (D:4)
  9 adders
  A shadow imp (D:7)
  A white imp (D:7)
  An ufetubus (D:5)
  3 adder skeletons (D:4)
  An adder zombie (D:4)
  5 worms
  4 dart slugs
  27 orcs
  4 endoplasms
  A giant cockroach (D:3)
  11 goblins
  5 hobgoblins
  11 jackals
  3 quokkas
  6 ball pythons
  4 ball python skeletons (Ossuary)
  5 bats
  4 frilled lizards
  2 hobgoblin skeletons (Ossuary)
  3 hobgoblin zombies
  13 kobolds
  2 kobold zombies (D:7)
  2 orc skeletons (Ossuary)
  8 rats
202 creatures vanquished.

Vanquished Creatures (others)
  A plant (D:6)
1 creature vanquished.

Grand Total: 203 creatures vanquished

Notes
Turn   | Place    | Note
-------+----------+-------------------------------------------
     0 | D:1      | ytrimaz the Formicid Fighter began the quest for the Orb.
     0 | D:1      | Reached XP level 1. HP: 18/18 MP: 1/1
   202 | D:1      | Reached XP level 2. HP: 24/24 MP: 2/2
   279 | D:1      | Found a faded altar of an unknown god.
   289 | D:1      | Prayed at the altar of an unknown god.
   289 | D:1      | Became a worshipper of Cheibriados the Contemplative
   289 | D:1      | Reached * piety under Cheibriados
   477 | D:1      | Reached XP level 3. HP: 29/29 MP: 3/3
   858 | D:2      | Reached ** piety under Cheibriados
   871 | D:2      | HP: 2/45 [kobold (12)]
   872 | D:2      | Reached skill level 3 in Axes
  1271 | D:2      | Reached XP level 4. HP: 28/37 MP: 4/4
  1746 | D:2      | Reached skill level 1 in Invocations
  1950 | D:3      | Reached *** piety under Cheibriados
  2057 | D:3      | Found a large runed translucent door.
  2057 | D:3      | Found a large runed translucent door.
  2075 | D:3      | Noticed kaffeinatedkobold's ghost (amateur FoAK)
  2094 | D:3      | Reached XP level 5. HP: 42/42 MP: 5/5
  2350 | D:3      | Found a burning altar of Makhleb.
  2911 | D:4      | Reached skill level 4 in Axes
  2983 | D:4      | Reached **** piety under Cheibriados
  2987 | D:4      | Reached XP level 6. HP: 25/48 MP: 7/7
  3437 | D:4      | Found an ornate altar of the Wu Jian Council.
  3554 | D:4      | Reached skill level 5 in Axes
  3579 | D:4      | Reached XP level 7. HP: 24/55 MP: 8/8
  4269 | D:4      | Reached skill level 6 in Axes
  4418 | D:4      | Reached ***** piety under Cheibriados
  4581 | D:5      | Entered Level 5 of the Dungeon
  4587 | D:5      | Found a shimmering altar of Xom.
  4754 | D:5      | Reached skill level 5 in Fighting
  4754 | D:5      | Reached XP level 8. HP: 17/62 MP: 10/10
  5116 | D:5      | Learned a level 5 spell: Irradiate
  5356 | D:5      | Found a shimmering altar of Xom.
  5496 | D:5      | Reached skill level 7 in Axes
  5496 | D:5      | Reached skill level 1 in Transmutations
  5534 | D:5      | Found a staircase to the Ecumenical Temple.
  5540 | D:5      | Found Gepuach's Antique Armour Boutique.
  5558 | Temple   | Entered the Ecumenical Temple
  5818 | D:5      | Bought a tower shield for 103 gold pieces
  5852 | D:5      | Reached skill level 5 in Armour
  6296 | D:6      | Noticed Maggie
  6325 | D:6      | Reached XP level 9. HP: 13/69 MP: 11/11
  6624 | D:6      | Killed Maggie
  6625 | D:6      | Reached skill level 8 in Axes
  7846 | D:7      | Found Vouwk's Fire Supplies.
  7919 | D:7      | Noticed Prince Ribbit
  7931 | D:7      | Found a sand-covered staircase.
  7939 | Ossuary  | Entered an ossuary
  8517 | Ossuary  | Reached skill level 9 in Axes
  8841 | D:7      | Killed Prince Ribbit
  9042 | D:7      | Reached XP level 10. HP: 66/76 MP: 9/13
  9288 | D:7      | Reached skill level 5 in Invocations
  9645 | D:7      | Reached skill level 10 in Axes
 10450 | D:8      | Noticed an eight-headed hydra
 10455 | D:8      | HP: 1/79 [ten-headed hydra (14)]
 10455 | D:8      | Slain by a ten-headed hydra

Illustrated notes

Levels and vault maps discovered:
D:1:      eino_arrival_water_cross, layout_loops_cross,
          ebering_ecumenical_altar_mist
D:2:      layout_rooms, st_stairs_5
D:3:      layout_loops_ring, bloody_makhleb, ebering_ghost_disaster_area,
          hangedman_decor_push, fountainhead, st_stairs_8, serial_bayou_pond_e
D:4:      layout_cave_pods, mainiacjoe_overflow_six_doors_small, serial_undead,
          serial_undead_b, serial_undead_f, serial_undead_a, serial_undead_b
D:5:      layout_basic, xom_redecorated, minmay_temple_entry_drinking_statues,
          serial_shops, shop, hangedman_abyss_or_decor_passed
D:6:      layout_rooms, kennysheep_nondescript, serial_bayou_crossing,
          uniq_maggie
D:7:      wad_crossroads, layout_loops_ring, nicolae_ossuary_entry_plus,
          nicolae_shop_fire_sale [nicolae_sub_dead_trees], grunt_ministairs_9,
          nicolae_sextant, minmay_mini_ossuary, uniq_prince_ribbit1
D:8:      layout_gridville, nicolae_qazlal_scattered_showers,
          erik_lair_orcish_takeover
Temple:   chequers_temple_sunken

Skill      XL: |  1  2  3  4  5  6  7  8  9 10 |
---------------+-------------------------------+-----
Shields        | 4 |  4.0
Axes           | 3 4 5 6 7 9 10 | 10.3
Invocations    | 1 2 3 4 5 |  5.3
Fighting       | 4 5 6 7 |  7.4
Armour         | 4 5 6 7 |  7.0
Transmutations | 1 3 |  3.8
Throwing       | |  0.3

Action                   |  1- 3 |  4- 6 |  7- 9 | 10-12 || total
-------------------------+-------+-------+-------+-------++-------
Melee: War axe           |    81 |   136 |   240 |    73 ||   530
       Hand axe          |       |       |    21 |       ||    21
Throw: Dart              |       |     6 |     7 |       ||    13
       Javelin           |       |     1 |     1 |       ||     2
Invok: Bend Time         |     1 |       |     1 |    12 ||    14
       Slouch            |       |     1 |     2 |       ||     3
 Abil: Dig               |     1 |       |       |       ||     1
  Use: Scroll            |     2 |     3 |     8 |       ||    13
       Potion            |     2 |       |     2 |       ||     4
 Stab: Sleeping          |       |       |       |     1 ||     1
Armor: Scale mail        |     9 |       |       |       ||     9
       Ring mail         |    19 |    56 |    76 |    39 ||   190
       Skin              |    13 |       |       |       ||    13
Dodge: Dodged            |    38 |    76 |   103 |    40 ||   257
Block: Buckler           |    29 |    33 |    75 |    23 ||   160

Table legend: (Time is in decaauts)
 A = Elapsed time spent in this place.
 B = Non-inter-level travel time spent in this place.
 C = Inter-level travel time spent in this place.
 D = Time resting spent in this place.
 E = Time spent auto-exploring this place.
 F = Levels seen in this place.
 G = Mean time per level.
                   A        B        C        D        E       F      G
               +--------+--------+--------+--------+--------+-----+--------+
         Total |  14015 |  13564 |    451 |    996 |  10311 |  10 | 1401.5 |
       Dungeon |  12502 |  12087 |    415 |    736 |   9338 |   8 | 1562.8 |
        Temple |    447 |    411 |     36 |      0 |    399 |   1 |  447.0 |
       Ossuary |   1065 |   1065 |      0 |    260 |    573 |   1 | 1065.0 |
               +--------+--------+--------+--------+--------+-----+--------+

Top non-repeatable levels by time:
     D:7: 2456 daAuts
     D:4: 2343 daAuts
     D:5: 2039 daAuts
     D:6: 1920 daAuts
     D:3: 1543 daAuts
     D:2: 1166 daAuts
 Ossuary: 1065 daAuts
     D:1: 1027 daAuts
  Temple: 447 daAuts
     D:8: 4 daAuts
